 Dungeon Crawl Stone Soup version 0.25-a0-310-g60f0ac2d9a (webtiles) character file.

Game seed: 8142599750078865618, levelgen mode: classic

40247 Borgoz the Carver (level 13, -9/124 HPs)
             Began as a Minotaur Gladiator on Dec 23, 2019.
             Was a Priest of Ashenzari.
             Mangled by Agnes
             ... wielding a cursed +0 lajatang
              (25 damage)
             ... on level 14 of the Dungeon.
             The game lasted 00:24:51 (13901 turns).

Borgoz the Carver (Minotaur Gladiator)             Turns: 13901, Time: 00:24:52

Health: -9/124     AC: 22    Str: 23    XL:     13   Next: 73%
Magic:  12/12      EV: 20    Int:  5    God:    Ashenzari [***...]
Gold:   878        SH:  0    Dex: 20    Spells: 12/12 levels left

rFire    . . .     SeeInvis +   A - +4 scimitar (flame) (curse)
rCold    . . .     Gourm    .   (no shield)
rNeg     . . .     Faith    .   y - +0 chain mail of Quantum Leap {Str+4 Dex+3} (curse)
rPois    .         Spirit   .   c - +1 hat
rElec    .         Reflect  .   E - +0 cloak {MR+} (curse)
rCorr    .         Harm     .   r - +0 pair of gloves
MR       +....                  n - +2 pair of boots (curse)
Stlth    ..........             (no amulet)
HPRegen  0.30/turn              v - +2 ring of evasion
MPRegen  0.13/turn              D - ring "Jodyi" {Wiz SInv}

@: no status effects
A: retaliatory headbutt, horns 2
a: Curse Item, Scrying, Renounce Religion


You were on level 14 of the Dungeon.
You worshipped Ashenzari.
Ashenzari was most pleased with you.
You were very hungry.

You visited 1 branch of the dungeon, and saw 15 of its levels.
You also visited: Ossuary.

You collected 908 gold pieces.
You spent 30 gold pieces at shops.

Inventory:

Hand Weapons
 A - a cursed +4 scimitar of flaming (weapon)
Armour
 c - a +1 hat (worn)
 n - a cursed +2 pair of boots (worn)
 r - a +0 pair of gloves (worn)
 y - the cursed +0 chain mail of Quantum Leap (worn) {Str+4 Dex+3}
   (You found it on level 5 of the Dungeon)

   It affects your strength (+4).
   It affects your dexterity (+3).
   It has a curse placed upon it.
 E - a cursed +0 cloak of magic resistance (worn)
 M - a +3 troll leather armour {Snorg}
Jewellery
 b - an uncursed ring of protection from fire
 v - a +2 ring of evasion (left hand)
 B - an uncursed ring of protection from cold
 D - the ring "Jodyi" (right hand) {Wiz SInv}
   (You found it on level 7 of the Dungeon)

   [ring of wizardry]

   It improves your spell success rate.
   It lets you see invisible.
Wands
 q - a wand of random effects (14)
 w - a wand of acid (5)
 L - a wand of polymorph (6)
 Q - a wand of iceblast (6)
Scrolls
 h - 10 scrolls of teleportation
 j - 5 scrolls of remove curse
 k - 2 scrolls of enchant armour
 p - 3 scrolls of immolation {unknown}
 s - 6 scrolls of fog
 t - 4 scrolls of blinking
 x - 3 scrolls of amnesia {unknown}
 z - a scroll of noise {unknown}
 C - 2 scrolls of brand weapon {unknown}
 G - a scroll of enchant weapon {unknown}
 H - a scroll of torment {unknown}
 I - a scroll of acquirement {unknown}
 K - 3 scrolls of identify
 N - a scroll of random uselessness {unknown}
 P - a scroll of fear {unknown}
Potions
 a - 3 potions of lignification
 e - 4 potions of haste
 g - 2 potions of cancellation
 i - 3 potions of flight
 m - 9 potions of curing {unknown}
 o - 3 potions of brilliance
 u - a potion of agility
 F - a potion of magic
 J - a potion of might {unknown}
 O - 2 potions of invisibility {unknown}
Comestibles
 f - 26 rations


   Skills:
 * Level 14.1 Fighting
 * Level 14.3(16.8) Long Blades
 - Level 2.0 Throwing
 * Level 13.9(16.4) Armour
 * Level 13.3 Dodging


You had 12 spell levels left.
You didn't know any spells.
Your spell library contained the following spells:

 Spells                   Type           Power        Failure   Level  Hunger
 Beastly Appendage        Tmut           #.....       61%         1    ##.....
 Magic Dart               Conj           #...         61%         1    ##.....
 Searing Ray              Conj           #.....       75%         2    ###....
 Sticks to Snakes         Tmut           #.......     75%         2    ###....
 Dazzling Flash           Conj/Hex       #.....       92%         3    ####...
 Spider Form              Tmut/Pois      #.........   92%         3    ####...
 Fulminant Prism          Conj/Hex       #.........   100%        4    #####..
 Ice Form                 Ice/Tmut       #.......     100%        4    #####..
 Iskenderun's Mystic Bla  Conj/Tloc      #.......     100%        4    #####..
 Blade Hands              Tmut           #.........   100%        5    ######.


Dungeon Overview and Level Annotations

Branches:
Dungeon (15/15)              Lair (0/6) D:11            Orc (0/2) D:12
 Vaults (0/5) D:14        Ossuary (visited)
 Temple: D:4-7       Depths: D:15

Altars:
Ashenzari
Elyvilon
Kikubaaqudgha
Nemelex Xobeh
Ru
Trog
Wu Jian
Xom
The Shining One

Shops:
D:4 *   D:10 [*

Annotations:
D:9 2 transporters, Glalom's ghost, novice SpEn
D:10 1 runed translucent door, Glalom's ghost, novice DECj
D:14 5 runed translucent doors, Agnes; Quhuhar's ghost, journeyman MiGl


Innate Abilities, Weirdness & Mutations

You reflexively headbutt those who attack you in melee.
You have a pair of horns on your head.


Message History

You feel much better. Agnes hits you but does no damage.
Agnes hits you with a cursed +0 lajatang!!
* * * LOW HITPOINT WARNING * * *
You feel much better.
Agnes hits you with a cursed +0 lajatang.
* * * LOW HITPOINT WARNING * * *
Agnes hits you but does no damage.
Evoke which item? (* to show all) (? for menu, Esc to quit)
Aiming: Corrosive Bolt
Press: ? - help, Shift-Dir - straight line, f/p - Agnes
Aim: Agnes, wielding a +0 lajatang and wearing a +0 robe (heavily wounded)
The bolt of acid hits Agnes!
Agnes is splashed with acid.
The acid corrodes Agnes!
Agnes is heavily wounded.
You feel yourself speed up. Agnes barely misses you.
Agnes hits you with a cursed +0 lajatang!
* * * LOW HITPOINT WARNING * * *
Agnes hits you with a cursed +0 lajatang!!
You die...

#.#...≈.≈.≈.≈.....#####..#
#.....###................#
##...........####........#####
##.........### #...#####..#...
####.....###...####..##
##..... ##......###.........##
#..... ....##..# #.........#
#..... ...###..# #.........#
##.#### .....#..###.##..@i.(#
#..#
.........#..##......#######..#
.####......####.............##
.# ##.....#
#......#####....### .#
##....###.....## ###....## .##
#....##......# #...... ..#
#....##.....## #.####. #.#
#............## ##.# ##
#.#####.#####.......### #.##


You could see Agnes.

Vanquished Creatures
  Jorgrun (D:13)
  Kirke (D:12)
  Azrael (D:12)
  Snorg (D:13)
  Erolcha (D:13)
  A hydra (D:13)
  Fannar (D:11)
  3 centaur warriors
  4 two-headed ogres
  A tengu warrior (D:14)
  A wizard (D:14)
  An unseen horror (D:13)
  9 ugly things
  2 cyclopes
  2 deep elf magi
  2 manticores
  3 centaur zombies
  A gargoyle (D:14)
  2 centaur skeletons
  3 kobold demonologists
  A freezing wraith (D:14)
  A hornet (shapeshifter) (D:14)
  10 trolls
  A wolf spider simulacrum (D:14)
  A hornet (D:7)
  A meliai (D:14)
  11 slime creatures
  Prince Ribbit (D:7)
  5 hippogriffs
  Sigmund (D:3)
  2 shadows
  A wraith (D:14)
  A centaur simulacrum (D:14)
  A spriggan (D:7)
  5 yaks
  4 fire elementals (D:12)
  3 hogs
  2 steam dragons
  2 hungry ghosts
  Menkaure (D:4)
  A warg (D:12)
  Duvessa (D:7)
  A soldier ant (D:13)
  A water moccasin (D:10)
  3 hell hounds (D:11)
  8 orc warriors
  8 ice beasts
  A hornet zombie (D:9)
  2 sky beasts
  A necrophage (D:12)
  6 ogres
  3 phantoms
  18 centaurs
  5 big kobolds
  9 bullfrogs
  A wyvern zombie (D:13)
  Dowan (D:7)
  5 scorpions
  2 wyvern skeletons (D:11)
  4 killer bees (D:10)
  5 wights
  7 howler monkeys
  An electric eel (D:9)
  A lava snake (D:12)
  6 crimson imps
  3 bullfrog zombies
  3 quasits
  4 orc priests
  4 bullfrog skeletons
  16 orc wizards
  5 hounds
  2 jellies
  Ijyb (D:3)
  7 iguanas
  9 worker ants
  2 killer bee zombies
  A hound skeleton (D:9)
  12 mummies (Ossuary)
  A howler monkey zombie (D:7)
  4 gnolls (D:6)
  A howler monkey skeleton (D:6)
  9 adders
  4 shadow imps
  An ooze (D:6)
  An adder skeleton (D:5)
  4 worms
  4 dart slugs
  6 leopard geckos
  50 orcs
  4 bats
  6 giant cockroaches
  12 goblins
  6 hobgoblins
  4 jackals (D:1)
  2 quokkas
  7 ball pythons
  4 frilled lizards
  4 gnoll skeletons (Ossuary)
  2 goblin skeletons (Ossuary)
  A jackal skeleton (D:8)
  9 kobolds
  A leopard gecko skeleton (D:5)
  2 orc skeletons (Ossuary)
  A quokka skeleton (D:7)
  9 rats
  11 rat skeletons (Ossuary)
436 creatures vanquished.

Vanquished Creatures (others)
  An orc (D:13)
  3 plants (D:10)
4 creatures vanquished.

Grand Total: 440 creatures vanquished

Notes
Turn   | Place    | Note
-------+----------+-------------------------------------------
     0 | D:1      | Borgoz the Minotaur Gladiator began the quest for the Orb.
     0 | D:1      | Reached XP level 1. HP: 18/18 MP: 0/0
    70 | D:1      | Reached XP level 2. HP: 25/25 MP: 1/1
   181 | D:1      | Reached skill level 1 in Armour
  1021 | D:1      | Reached XP level 3. HP: 31/31 MP: 2/2
  1296 | D:2      | Found an ornate altar of the Wu Jian Council.
  1508 | D:2      | Found a white marble altar of Elyvilon.
  1611 | D:2      | Reached XP level 4. HP: 27/38 MP: 3/3
  1698 | D:2      | Found an ancient bone altar of Kikubaaqudgha.
  2139 | D:3      | Noticed Sigmund
  2327 | D:3      | Killed Sigmund
  2327 | D:3      | Reached skill level 5 in Long Blades
  2327 | D:3      | Reached XP level 5. HP: 42/47 MP: 4/4
  2327 | D:3      | Reached XP level 6. HP: 47/53 MP: 5/5
  2503 | D:3      | Noticed Ijyb
  2522 | D:3      | Killed Ijyb
  2551 | D:3      | Reached skill level 5 in Dodging
  3028 | D:4      | Found Ehoullum's General Store.
  3035 | D:4      | Bought a scroll of teleportation for 30 gold pieces
  3048 | D:4      | Noticed Menkaure
  3052 | D:4      | Killed Menkaure
  3052 | D:4      | Reached skill level 5 in Fighting
  3052 | D:4      | Reached XP level 7. HP: 61/61 MP: 6/6
  3126 | D:4      | You fall into a shaft and drop 1 floor!
  3126 | D:5      | Entered Level 5 of the Dungeon
  3182 | D:5      | Found a sand-covered staircase.
  3278 | Ossuary  | Entered an ossuary
  3442 | Ossuary  | Reached skill level 5 in Armour
  3858 | D:5      | Got a heavily runed chain mail
  3869 | D:5      | Identified the +0 chain mail of Quantum Leap {Str+4 Dex+3}
                  | (You found it on level 5 of the Dungeon)
  3882 | D:5      | Reached XP level 8. HP: 70/70 MP: 7/7
  4510 | D:6      | Found a sacrificial altar of Ru.
  4932 | D:7      | Noticed a troll
  4957 | D:7      | Noticed a hippogriff
  5153 | D:8      | Found a shimmering altar of Xom.
  5232 | D:7      | Reached XP level 9. HP: 76/79 MP: 8/8
  5309 | D:7      | Killed a troll
  5432 | D:7      | Noticed Duvessa
  5433 | D:7      | Noticed Dowan
  5439 | D:7      | Killed Duvessa
  5452 | D:7      | Killed Dowan
  5571 | D:7      | Found a bloodstained altar of Trog.
  5873 | D:7      | Got a crystal hand axe
  5878 | D:7      | Got a faintly glowing amber ring
  5887 | D:7      | Identified the ring "Jodyi" {Wiz SInv} (You found it on
                  | level 7 of the Dungeon)
  5947 | D:7      | Noticed Prince Ribbit
  5951 | D:7      | Killed Prince Ribbit
  5953 | D:7      | Reached XP level 10. HP: 68/91 MP: 9/9
  6262 | D:8      | Found a glowing golden altar of the Shining One.
  6736 | D:8      | Found a shattered altar of Ashenzari.
  6745 | D:8      | Got a jewelled leather armour
  6749 | D:8      | Became a worshipper of Ashenzari the Shackled
  6749 | D:8      | Identified the +7 hand axe of Pain and Death {antimagic,
                  | +Blink rElec rPois rF-} (You found it on level 7 of the
                  | Dungeon)
  6857 | D:8      | Identified the +2 leather armour "Buoleu" {rElec} (You
                  | found it on level 8 of the Dungeon)
  6947 | D:9      | Noticed Glalom's ghost (novice SpEn)
  6960 | D:9      | Found a transporter.
  6983 | D:9      | Found a transporter.
  7239 | D:9      | Reached skill level 10 in Long Blades
  7642 | D:9      | Reached * piety under Ashenzari
  7744 | D:10     | Entered Level 10 of the Dungeon
  7752 | D:10     | Noticed a deep elf mage
  7773 | D:10     | Killed a deep elf mage
  7773 | D:10     | Reached skill level 10 in Fighting
  7948 | D:10     | Found a glowing golden altar of the Shining One.
  7990 | D:10     | Found Temug's Antique Armour Boutique.
  7990 | D:10     | Noticed a two-headed ogre
  7999 | D:10     | Killed a two-headed ogre
  7999 | D:10     | Reached skill level 10 in Armour
  8008 | D:10     | Found a runed translucent door.
  8043 | D:10     | Reached XP level 11. HP: 76/101 MP: 10/10
  8057 | D:10     | Reached skill level 10 in Dodging
  8095 | D:10     | Noticed a two-headed ogre
  8100 | D:10     | Killed a two-headed ogre
  8214 | D:10     | Found Yseojoap's Assorted Antiques.
  8380 | D:10     | Identified the +10 spear of Distant Worlds {venom, MR+
                  | SInv}
  8380 | D:10     | Noticed Glalom's ghost (novice DECj)
  8381 | D:10     | Noticed a spriggan rider
  8605 | D:11     | Noticed Fannar
  8620 | D:11     | Killed Fannar
  8747 | D:11     | Found a staircase to the Lair.
  8831 | D:11     | Found a sparkling altar of Nemelex Xobeh.
  9001 | D:11     | Reached ** piety under Ashenzari
  9003 | D:11     | Found an ornate altar of the Wu Jian Council.
  9117 | D:12     | Noticed Azrael
  9309 | D:12     | Killed Azrael
  9360 | D:12     | Noticed Kirke
  9362 | D:12     | Noticed a sphinx
  9366 | D:12     | Noticed a harpy
  9680 | D:12     | Found a staircase to the Orcish Mines.
  9780 | D:12     | Reached XP level 12. HP: 56/112 MP: 11/11
 10155 | D:12     | Killed Kirke
 10530 | D:12     | Identified the +4 hand crossbow "Kubab" {penet, rF- Str+4
                  | Dex+2} (You found it on level 7 of the Dungeon)
 10546 | D:13     | Noticed a centaur warrior
 10555 | D:13     | Killed a centaur warrior
 10710 | D:13     | Noticed an eight-headed hydra
 10713 | D:13     | Killed a six-headed hydra
 10721 | D:13     | Noticed Erolcha
 10740 | D:13     | Killed Erolcha
 10774 | D:13     | Noticed a centaur warrior
 10784 | D:13     | Killed a centaur warrior
 11003 | D:13     | Noticed Snorg
 11014 | D:13     | Killed Snorg
 11623 | D:13     | Noticed a two-headed ogre
 11626 | D:13     | Killed a two-headed ogre
 11749 | D:13     | Noticed Jorgrun
 11771 | D:13     | Killed Jorgrun
 11771 | D:13     | Reached XP level 13. HP: 52/122 MP: 12/12
 12448 | D:14     | Reached *** piety under Ashenzari
 12950 | D:14     | Found a runed translucent door.
 12951 | D:14     | Found a shimmering altar of Xom.
 12951 | D:14     | Identified the cursed +3 glaive "Zyagi" {chaos, rC++ Int+4}
 12951 | D:14     | Noticed Quhuhar's ghost (journeyman MiGl)
 12965 | D:14     | Found a huge runed translucent gate.
 12965 | D:14     | Found a huge runed translucent gate.
 12966 | D:14     | Found a huge runed translucent gate.
 12967 | D:14     | Found a huge runed translucent gate.
 13332 | D:14     | Found a gate to the Vaults.
 13882 | D:15     | Entered Level 15 of the Dungeon
 13882 | D:15     | Noticed Agnes
 13901 | D:14     | Mangled by Agnes

Levels and vault maps discovered:
D:1:      noname_arrival_rooms_in_the_neighbourhood, layout_basic
D:2:      layout_basic, lemuel_crystal_altar, lemuel_crystal_altar,
          nicolae_overflow_crystal_walls
D:3:      layout_loops_ring, first_ration, uniq_sigmund, uniq_ijyb
D:4:      layout_rooms, minmay_temple_entry_offerings, serial_shops, shop,
          uniq_menkaure
D:5:      layout_loops_cross, nicolae_ossuary_entry_ruins,
          minmay_misc_feat_ornament
D:6:      layout_basic, nicolae_ru_great_annihilating_truth
D:7:      minmay_the_grid_octo_tiled_octocenter
          [minmay_the_grid_octo_concentric, minmay_the_grid_octo_horde,
          minmay_the_grid_octo_empty, minmay_the_grid_octo_pinwheel,
          minmay_the_grid_octo_prize_square_snowflake,
          minmay_the_grid_square_5x5_lines, minmay_the_grid_square_5x5_c,
          minmay_the_grid_square_5x5_bridge, minmay_the_grid_square_5x5_meh],
          layout_layer_cave, bloody_trog, the_bakery, skrybe_limestone_x,
          uniq_prince_ribbit1, uniq_duvessa
D:8:      layout_cave_pods, grunt_temple_overflow_open, minmay_misc_feat_room,
          lemuel_statue_altar
D:9:      layout_basic, gammafunk_ghost_stat_death, serial_bayou_pond_d
D:10:     layout_cave_pools, serial_shops, shop, shop,
          ebering_ghost_funeral_grove, basic_altar
D:11:     layout_basic, lair_entry_dummy, basic_altar,
          nemelex_xobeh_ov_fountains_minmay, uniq_fannar
D:12:     layout_cave_pools, erik_orc_4, drop_trap, kennysheep_cluttered_room,
          uniq_azrael, uniq_kirke
D:13:     layout_basic, uniq_erolcha, uniq_snorg, uniq_jorgrun
D:14:     lemuel_bear_cage, layout_layer_cave, david_vaults_1,
          ebering_ghost_xom, chequers_serial_rivers_small_3, st_stairs_8
D:15:     grunt_enter_depths_hoard, layout_cave_pools, minmay_misc_feat_doors,
          uniq_agnes

Skill      XL: |  1  2  3  4  5  6  7  8  9 10 11 12 13 |
---------------+----------------------------------------+-----
Armour         | 1 2 3 4 5 6 8 10 11 13 | 13.9
Long Blades    | 4 5 6 7 9 10 12 13 14 | 14.3
Fighting       | 3 4 5 6 7 9 10 11 13 14 | 14.1
Dodging        | 4 5 6 7 8 9 11 12 13 | 13.3
Throwing       | |  2.0

Action                   |  1- 3 |  4- 6 |  7- 9 | 10-12 | 13-15 || total
-------------------------+-------+-------+-------+-------+-------++-------
Melee: Long sword        |    69 |    92 |   134 |       |       ||   295
       Headbutt          |    10 |    28 |    88 |   189 |    73 ||   388
       Scimitar          |       |       |   129 |   509 |   182 ||   820
Throw: Throwing net      |       |     2 |       |     2 |     2 ||     6
Invok: Curse Item        |       |       |       |     4 |       ||     4
Evoke: Wand              |       |       |       |       |     1 ||     1
  Use: Scroll            |       |     1 |    10 |     5 |       ||    16
       Potion            |       |       |     1 |     1 |     3 ||     5
 Stab: Sleeping          |       |       |     1 |       |       ||     1
       Invisible         |       |       |     1 |       |       ||     1
       Paralysed         |       |       |     1 |       |       ||     1
  Eat: Chunk             |     2 |     5 |     8 |    19 |     6 ||    40
       Ration            |       |       |     1 |       |       ||     1
Armor: Leather armour    |    12 |    35 |    12 |       |       ||    59
       Chain mail        |       |       |    66 |   206 |    60 ||   332
Dodge: Dodged            |    51 |    93 |   172 |   433 |   157 ||   906
       Rpst.: Long sword |    14 |    26 |    28 |       |       ||    68
       Scimitar          |       |       |    21 |    99 |    32 ||   152

Table legend:
 A = Non-vault XP
 B = Vault XP
 C = Vault XP percentage of total XP
 D = Non-vault monster count
 E = Vault monster count
 F = Vault count percentage of total count
                 A         B        C        D         E       F
            +---------+---------+-------+---------+---------+-------
      Total |   38991 |   18506 |  32.2 |     336 |     100 |  22.9
            +---------+---------+-------+---------+---------+-------
        D:1 |      43 |       0 |   0.0 |      25 |       0 |   0.0
        D:2 |     108 |       0 |   0.0 |      24 |       0 |   0.0
        D:3 |     212 |     267 |  55.7 |      32 |       2 |   5.9
        D:4 |      89 |     165 |  65.0 |       3 |       1 |  25.0
        D:5 |     563 |       0 |   0.0 |      16 |       0 |   0.0
        D:6 |     460 |      45 |   8.9 |      15 |       4 |  21.1
        D:7 |     793 |    2727 |  77.5 |      15 |      22 |  59.5
        D:8 |     845 |       0 |   0.0 |      14 |       0 |   0.0
        D:9 |    2159 |       0 |   0.0 |      29 |       0 |   0.0
       D:10 |    4538 |       0 |   0.0 |      27 |       0 |   0.0
       D:11 |    1549 |    1583 |  50.5 |      20 |       5 |  20.0
       D:12 |    5599 |    4787 |  46.1 |      35 |      25 |  41.7
       D:13 |    8465 |    5322 |  38.6 |      31 |       3 |   8.8
       D:14 |   13568 |    3372 |  19.9 |      50 |       7 |  12.3
    Ossuary |       0 |     238 | 100.0 |       0 |      31 | 100.0
            +---------+---------+-------+---------+---------+-------
